 Dungeon Crawl Stone Soup version 0.30-a0-760-g5a9884bb7c (webtiles) character file.

Game seed: 11823376312947498661

4026 sanka the Carver (level 10, -1/50 HPs)
             Began as a Kobold Earth Elementalist on Feb 11, 2023.
             Was a Follower of Vehumet.
             Succumbed to a hornet's poison
             ... on level 7 of the Dungeon.
             The game lasted 00:15:27 (9078 turns).

sanka the Carver (Kobold Earth Elementalist)        Turns: 9078, Time: 00:15:28

Health: -1/50      AC:  6    Str:  6    XL:     10   Next: 47%
Magic:  14/14      EV: 18    Int: 18    God:    Vehumet [*.....]
Gold:   405        SH:  5    Dex: 18    Spells: 9/15 levels left

rFire   . . .      SeeInvis +    l - +10 zealot's sword {holy, Zealotry, *Rage rN+ EV+3}
rCold   . . .      Faith    .    (no shield)
rNeg    + . .      Spirit   .    a - +0 robe
rPois   .          Reflect  +    f - +1 helmet {SInv}
rElec   .          Harm     .    (no cloak)
rCorr   +          Rampage  .    E - +0 pair of gloves
Will    .....      Rage     20%  L - +0 pair of boots
Stlth   +++                      o - amulet of reflection
HPRegen 0.28/turn                B - ring of flight
MPRegen 0.14/turn                C - ring of resist corrosion

@: lethally poisoned (-1 -> -7), on berserk cooldown, flying, slowed, very slow
A: small, no large weapons, nightstalker 3
a: Renounce Religion


You were on level 7 of the Dungeon.
You worshipped Vehumet.
Vehumet was aware of your devotion.
You visited 2 branches of the dungeon, and saw 8 of its levels.
You also visited: Ossuary.

You collected 405 gold pieces.


Innate Abilities, Weirdness & Mutations

You are small and have problems with some larger weapons.
You are completely attuned to the shadows.


   Skills:
 + Level 11.5 Long Blades
 - Level 2.4 Dodging
 - Level 2.6 Stealth
 - Level 3.0 Spellcasting
 - Level 1.0 Transmutations
 - Level 5.0 Earth Magic


You had 9 spell levels left.
You knew the following spells:

 Your Spells              Type           Power      Damage    Failure   Level
x - Stone Arrow           Conj/Erth      22%        3d8       17%         3
z - Sandblast             Erth           40%        2d10      1%          1
N - Passwall              Tmut/Erth      10%        N/A       7%          2

Your spell library contained the following spells:

 Spells                   Type           Power      Damage    Failure   Level
 Kiss of Death            Conj/Necr      8%         2d6       16%         1
 Foxfire                  Conj/Fire      8%         2x1d4     16%         1
 Summon Small Mammal      Summ           8%         N/A       16%         1
 Blink                    Tloc           4%         N/A       24%         2
 Ensorcelled Hibernation  Hex/Ice        4%         N/A       24%         2
 Spider Form              Tmut/Pois      4%         N/A       36%         3
 Call Canine Familiar     Summ           2%         N/A       43%         3
 Inner Flame              Hex/Fire       2%         N/A       43%         3
 Vhi's Electric Charge    Tloc/Air       4%         N/A       43%         3
 Petrify                  Tmut/Erth      13%        N/A       43%         4
 Anguish                  Hex/Necr       1%         N/A       85%         4
 Cause Fear               Hex            1%         N/A       85%         4
 Manifold Assault         Tloc           2%         N/A       85%         4
 Summon Ice Beast         Ice/Summ       2%         N/A       85%         4
 Alistair's Intoxication  Tmut/Pois      2%         N/A       98%         5
 Arcjolt                  Conj/Air       1%         1d11      99%         5
 Fireball                 Conj/Fire      1%         3d3       99%         5
 Summon Mana Viper        Hex/Summ       2%         N/A       99%         5
 Starburst                Conj/Fire      1%         6d3       100%        6
 Dragon Form              Tmut           3%         N/A       100%        7
 Malign Gateway           Summ/Tloc      1%         N/A       100%        7
 Monstrous Menagerie      Summ           1%         N/A       100%        7
 Storm Form               Tmut/Air       2%         N/A       100%        7
 Discord                  Hex            1%         N/A       100%        8
 Maxwell's Capacitive Co  Air            1%         ∞         100%        8
 Dragon's Call            Summ           1%         N/A       100%        9

Inventory:

Hand Weapons
 i - a +2 dagger of speed
 l - the +10 zealot's sword (weapon) {holy, Zealotry, *Rage rN+ EV+3}

   Zealotry:  Whenever the wielder enters a berserk rage, their allies are
   berserked alongside them.
   EV:        It affects your evasion (+3).
   rN:        It protects you from negative energy.
   *Rage:     It berserks you when you make melee attacks (+20% chance).
Missiles
 h - a curare-tipped dart {=f}
Armour
 a - a +0 robe (worn)
 f - a +1 helmet of see invisible (worn)
 E - a +0 pair of gloves (worn)
 L - a +0 pair of boots (worn)
Magical Staves
 I - a staff of conjuration {!a}
Jewellery
 o - an amulet of reflection (around neck)
 B - a ring of flight (left hand)
 C - a ring of resist corrosion (right hand)
Wands
 r - a wand of digging (4)
 G - a wand of charming (3)
 K - a wand of iceblast (12)
Scrolls
 c - a scroll of teleportation {@r4}
 j - 2 scrolls of noise {!r}
 k - 2 scrolls of fog
 n - 2 scrolls of amnesia
 w - 3 scrolls of immolation {!r}
 y - a scroll of poison {!r}
 D - 2 scrolls of enchant weapon
 F - a scroll of fear
 H - a scroll of vulnerability {!r}
 J - a scroll of enchant armour
Potions
 b - a potion of magic
 d - 2 potions of attraction {unknown}
 e - 5 potions of might {unknown}
 g - 2 potions of invisibility {unknown}
 m - a potion of resistance {unknown}
 p - 2 potions of lignification {unknown}
 q - 6 potions of haste {unknown}
 s - a potion of cancellation {unknown}
 t - a potion of ambrosia {unknown}
 u - 3 potions of heal wounds {unknown}
 v - a potion of mutation {unknown}
 x - a potion of brilliance {unknown}
 z - a potion of flight {unknown}
 A - 3 potions of curing {unknown}

Dungeon Overview and Level Annotations

Branches:
Dungeon (7/15)             Temple (1/1) D:6         Ossuary (visited)

Altars:
Ashenzari
Cheibriados
Dithmenos
Elyvilon
Fedhas
Gozag
Hepliaklqana
Kikubaaqudgha
Makhleb
Nemelex Xobeh
Okawaru
Ru
Sif Muna
Trog
Uskayaw
Vehumet
Xom
Yredelemnul
Zin
The Shining One

Shops:
D:4 (*(   D:5 ( D:7

*
▒▒†...▒▒▒▒▒▒▒▒▒▒▒▒▒▒.....▒▒......
▒▒....▒ ▒.....▒▒...... ▒▒....▒
▒.[..=▒▒▒▒▒▒▒▒ ▒▒....▒
▒▒............. ▒
▒▒......▒▒▒▒▒▒▒▒ ▒ ▒▒▒▒..▒▒▒..▒
▒.. ▒ ▒▒▒..▒.▒▒ ▒..▒ ▒.▒ ▒
▒▒▒......▒ ▒..▒▒▒▒ ▒.▒ ▒
▒▒▒.....K▒▒▒ ▒.....▒▒▒)▒ ▒
▒▒▒......▒'▒ ▒.......... ▒
▒▒▒......▒▒▒)▒ ▒.......... ▒
▒▒▒......▒▒▒...▒ ▒..........
▒+▒......▒▒▒F..▒▒▒ ▒..........
▒......▒▒▒...▒▒▒ ▒..▒▒......
▒▒......▒▒..▒ ▒..▒▒▒▒▒▒.▒
▒▒▒......▒▒. ▒..▒ ▒.▒ ▒
▒▒......▒▒ ▒..▒ ▒.▒


There were no monsters in sight!


Message History

* * * LOW HITPOINT WARNING * * *
You feel sick. The bullfrog hits you.
* * * LOW HITPOINT WARNING * * *
Unknown command.
Unknown command.
You closely miss the bullfrog.
* * * LOW HITPOINT WARNING * * *
You feel sick. The bullfrog barely misses you.
Unknown command.
You slice the bullfrog!!
You kill the bullfrog!
Vehumet accepts your kill.
* * * LOW HITPOINT WARNING * * *
You feel sick.
You slash the orc!
You kill the orc!
Vehumet accepts your kill.
* * * LOW HITPOINT WARNING * * *
You feel sick.
Unknown command.
No target in view!
Unknown command.
Unknown command.
You are too berserk!
You are no longer berserk.
You are exhausted.
You feel as though you will be slow longer.
You die...

Action                     |  1- 3 |  4- 6 |  7- 9 | 10-12 || total
---------------------------+-------+-------+-------+-------++-------
  Melee: Eudemon blade     |       |    42 |    36 |    37 ||   115
         Punch             |       |       |     2 |     1 ||     3
   Cast: Sandblast         |    59 |    85 |   190 |    52 ||   386
    Use: Scroll            |       |       |    11 |     1 ||    12
   Stab: Sleeping          |       |     2 |       |       ||     2
 Armour: Robe              |     3 |     3 |     8 |     9 ||    23
  Dodge: Dodged            |    17 |    29 |    91 |    33 ||   170
  Block: Other             |       |     1 |    27 |    12 ||    40

Levels and vault maps discovered:
D:1:      tarquinn_simple_flora_water_c, layout_rooms, minmay_pentomino_u2
D:2:      cheibrodos_greedy_goblins, layout_basic
D:3:      layout_basic, elyvilon_altar_4, grunt_dithmenos_smoke_and_mirrors
D:4:      minmay_angry_zag, layout_basic, serial_shops, shop,
          kennysheep_mini_moat, nicolae_shop_advertising_works
          [nicolae_subvault_shop_adworks]
D:5:      layout_loops_ring, serial_shops, shop_statue, minmay_between
D:6:      layout_rooms, grunt_temple_overflow_open, minmay_temple_entry_glass,
          enter_ossuary_2, minmay_misc_feat_enclosed
D:7:      minmay_razor_zed, layout_basic, serial_shops,
          nicolae_shop_overgrown_old_shop, uniq_duvessa
Temple:   hellmonk_temple_forest_ring

Notes
Turn   | Place    | Note
-------+----------+-------------------------------------------
     0 | D:1      | sanka the Kobold Earth Elementalist began the quest for the
                  | Orb.
     0 | D:1      | Reached XP level 1. HP: 10/10 MP: 3/3
   153 | D:1      | Reached XP level 2. HP: 15/15 MP: 1/5
   574 | D:1      | Reached XP level 3. HP: 19/19 MP: 5/7
   712 | D:1      | Reached skill level 3 in Spellcasting
  1134 | D:2      | Found the +10 zealot's sword {holy, Zealotry, *Rage rN+
                  | EV+3}
  1146 | D:2      | Learned a level 2 spell: Passwall
  1150 | D:2      | Learned a level 3 spell: Stone Arrow
  1340 | D:2      | Reached skill level 4 in Earth Magic
  1351 | D:2      | Reached XP level 4. HP: 22/24 MP: 2/8
  1828 | D:2      | Reached XP level 5. HP: 28/28 MP: 6/9
  2160 | D:2      | Reached skill level 5 in Earth Magic
  2399 | D:3      | Found a white marble altar of Elyvilon.
  2548 | D:3      | Found a shadowy altar of Dithmenos.
  2580 | D:3      | Reached skill level 1 in Long Blades
  2587 | D:3      | Reached skill level 2 in Long Blades
  2796 | D:6      | Reached XP level 6. HP: 32/32 MP: 10/10
  2801 | D:6      | Found a sand-covered staircase.
  2836 | Ossuary  | Entered an ossuary
  2948 | Ossuary  | Reached skill level 3 in Long Blades
  3479 | Ossuary  | Noticed Menkaure
  3481 | Ossuary  | Killed Menkaure
  3482 | Ossuary  | Reached skill level 4 in Long Blades
  3482 | Ossuary  | Reached XP level 7. HP: 36/36 MP: 8/11
  3761 | D:6      | Reached skill level 5 in Long Blades
  3832 | D:6      | Reached XP level 8. HP: 11/41 MP: 4/12
  3834 | D:6      | HP: 4/41 [gnoll bouda/+0 whip (4)]
  3837 | D:6      | HP: 1/61 [acid (4)]
  4017 | D:5      | Entered Level 5 of the Dungeon
  4033 | D:5      | Reached skill level 6 in Long Blades
  4486 | D:4      | Found Opliorenk's Antique Weapon Shop.
  4551 | D:4      | Reached skill level 7 in Long Blades
  4822 | D:4      | Found Cimilunu's General Store.
  4976 | D:4      | Reached XP level 9. HP: 45/45 MP: 8/13
  5048 | D:4      | Found Futi's Antique Weapon Boutique.
  5406 | D:5      | Reached skill level 8 in Long Blades
  5821 | D:5      | Reached skill level 9 in Long Blades
  6332 | D:5      | Found Vasmewne's Antique Weapon Boutique.
  6453 | D:6      | Found a staircase to the Ecumenical Temple.
  6493 | Temple   | Entered the Ecumenical Temple
  6659 | Temple   | Became a worshipper of Vehumet
  6814 | D:6      | Identified a scroll of acquirement
  6816 | D:6      | Acquired the Papyrus of the Amassed Assassin
  7003 | D:6      | Reached skill level 10 in Long Blades
  7273 | D:6      | Found a blossoming altar of Fedhas.
  7275 | D:6      | Found an opulent altar of Gozag.
  7279 | D:6      | Found a hide-covered altar of Uskayaw.
  7279 | D:6      | Found a hazy altar of Hepliaklqana.
  7281 | D:6      | Found a broken altar of Ashenzari.
  7282 | D:6      | Found a glowing golden altar of the Shining One.
  7337 | D:7      | Reached XP level 10. HP: 47/50 MP: 8/14
  7504 | D:7      | Noticed Duvessa
  7723 | D:7      | Killed Duvessa
  7723 | D:7      | Reached * piety under Vehumet
  7723 | D:7      | Offered knowledge of Kiss of Death by Vehumet.
  7952 | D:7      | Noticed Dowan
  7959 | D:7      | Killed Dowan
  7960 | D:7      | Reached skill level 11 in Long Blades
  8296 | D:7      | Identified a +2 robe of resistance
  8443 | D:7      | HP: 4/50 [wyvern (17)]
  8726 | D:7      | Found Qane's Assorted Antiques.
  9062 | D:7      | Paralysed by a hornet for 1 turns
  9068 | D:7      | Paralysed by a hornet for 3 turns
  9074 | D:7      | HP: 5/75 [bullfrog (3)]
  9076 | D:7      | HP: 2/75 [poisoned by a hornet]
  9078 | D:7      | Succumbed to a hornet's poison

Vanquished Creatures
  A hornet (D:7)
  2 wyverns (D:7)
  Menkaure (Ossuary)
  A steam dragon (D:7)
  3 water moccasins
  A sky beast (D:6)
  Duvessa (D:7)
  An ice beast (D:7)
  2 black bears
  4 ogres
  A centaur (D:7)
  3 phantoms
  A kobold brigand (D:6)
  3 bullfrogs
  2 necrophages (D:6)
  7 scorpions
  3 wights (D:6)
  Dowan (D:7)
  A howler monkey (D:6)
  3 jellies
  4 hounds
  A gnoll bouda (D:6)
  An orc priest (D:3)
  4 iguanas
  6 orc wizards
  3 mummies (Ossuary)
  4 gnolls (D:6)
  8 adders
  A white imp (D:7)
  An ufetubus (D:5)
  3 worms
  A dart slug (D:3)
  19 orcs
  7 ball pythons
  4 endoplasms
  6 giant cockroaches
  3 gnoll zombies (Ossuary)
  13 goblins
  11 hobgoblins
  7 jackals
  14 kobolds
  3 quokkas
  6 bats
  2 frilled lizards
  4 gnoll skeletons (Ossuary)
  4 goblin skeletons (Ossuary)
  6 goblin zombies (Ossuary)
  8 hobgoblin skeletons (Ossuary)
  5 hobgoblin zombies (Ossuary)
  3 kobold skeletons (Ossuary)
  3 kobold zombies (Ossuary)
  3 orc skeletons (Ossuary)
  4 orc zombies (Ossuary)
  7 rats
  3 rat skeletons (Ossuary)
  4 rat zombies (Ossuary)
228 creatures vanquished.
